 Dungeon Crawl Stone Soup version 0.27.0-1-g7a089689b8 (webtiles) character file.

Game seed: 4104649130549389160

208 HungrySpirit the Ducker (level 6, -7/46 HPs)
             Began as a Human Arcane Marksman on July 31, 2021.
             Mangled by a sixfirhy (11 damage)
             ... on level 1 of the Abyss.
             The game lasted 00:03:38 (3321 turns).

HungrySpirit the Ducker (Human Arcane Marksman)     Turns: 3321, Time: 00:03:40

Health: -7/46      AC:  6    Str: 18    XL:     6   Next: 11%
Magic:  7/7        EV: 12    Int: 14    God:
Gold:   161        SH:  0    Dex: 19    Spells: 6/7 levels left

rFire    . . .     SeeInvis .   s - +3 short sword
rCold    . . .     Faith    .   (no shield)
rNeg     . . .     Spirit   .   r - +0 ring mail
rPois    .         Reflect  .   (no helmet)
rElec    .         Harm     .   p - +0 cloak
rCorr    .         Rampage  .   (no gloves)
Will     .....                  (no boots)
Stlth    +.........             (no amulet)
HPRegen  0.15/turn              j - +6 ring of dexterity
MPRegen  0.10/turn              l - +6 ring of strength

@: no status effects
A: no striking features
a: no special abilities


You were on level 1 of the Abyss.
You visited 1 branch of the dungeon, and saw 4 of its levels.
You visited the Abyss 1 time.

You collected 161 gold pieces.

Inventory:

Hand Weapons
 s - a +3 short sword (weapon)
Missiles
 b - 5 javelins
 i - a throwing net
 k - 27 poisoned darts (quivered)
Armour
 p - a +0 cloak (worn)
 r - a +0 ring mail (worn)
Jewellery
 j - a +6 ring of dexterity (left hand)
 l - a +6 ring of strength (right hand)
Wands
 c - a wand of digging (7)
Scrolls
 a - a scroll of vulnerability {unknown}
 g - 2 scrolls of fear {unknown}
 q - a scroll of teleportation {unknown}
 u - a scroll of blinking {unknown}
 v - a scroll of enchant weapon {unknown}
 w - a scroll of torment {unknown}
Potions
 d - a potion of brilliance {unknown}
 e - 2 potions of flight {unknown}
 f - a potion of mutation {unknown}
 h - a potion of degeneration {unknown}
 m - a potion of curing {unknown}
 o - a potion of attraction {unknown}
 t - a potion of heal wounds {unknown}
 x - a potion of cancellation {unknown}


   Skills:
 + Level 2.6 Fighting
 * Level 3.1 Short Blades
 - Level 0.5 Maces & Flails
 - Level 2.0 Throwing
 + Level 1.4 Armour
 + Level 3.3 Dodging
 - Level 1.0 Spellcasting
 - Level 3.0 Hexes


You had 6 spell levels left.
You knew the following spells:

 Your Spells              Type           Power      Damage    Failure   Level
a - Corona                Hex            10%        N/A       14%         1

Your spell library contained the following spells:

 Spells                   Type           Power      Damage    Failure   Level
 Slow                     Hex            9%         N/A       21%         2
 Inner Flame              Hex/Fire       4%         N/A       58%         3
 Portal Projectile        Hex/Tloc       8%         N/A       58%         3
 Cause Fear               Hex            4%         N/A       80%         4
 Summon Forest            Summ/Tloc      0%         N/A       100%        5
 Summon Mana Viper        Hex/Summ       4%         N/A       100%        5
 Shadow Creatures         Summ           N/A        N/A       100%        6


Dungeon Overview and Level Annotations

Branches:
Dungeon (4/15)
 Temple: D:4-7

Altars:

Annotations:
D:3 1 runed translucent door, vogonpoet's ghost, amateur TrEE
Abyss:1 1 runed translucent door


Message History

You barely miss the white imp.
The white imp is lightly wounded.
The white imp closely misses you.
You puncture the white imp!
The white imp is almost dead.
The white imp misses you.
You hit the white imp.
You kill the white imp!
Your Dodging skill increases to level 3!
You have reached level 5!
Found 11 gold pieces.
Okay, then.
Okay, then.
A sixfirhy comes into view.
A spatial vortex comes into view.
A spatial maelstrom comes into view.
A spatial vortex comes into view. x3
As you read the scroll labelled WYROIC OCRIROM, it crumbles to dust.
You speak a Word of immense power!
The sixfirhy convulses!
The large abomination convulses!
You destroy the large abomination!
It was a scroll of holy word.
Your Short Blades skill increases to level 3!
Your Armour skill increases to level 1!
You have reached level 6!
Your experience leads to an increase in your attributes!
Your base attributes are Str 11, Int 14, Dex 13.
Increase (S)trength, (I)ntelligence, or (D)exterity?
You feel stronger.
The substance of the Abyss twists violently, and a gateway leading out appears!
Found an agate ring.
A spatial vortex comes into view.
There is a gateway leading out of the Abyss here.
The sixfirhy closely misses you. The sixfirhy hits you!
The sixfirhy shocks you!
* * * LOW HITPOINT WARNING * * *
The sixfirhy barely misses you. The sixfirhy hits you.
* * * LOW HITPOINT WARNING * * *
The sixfirhy shocks you!
You die...

.. . .# .# ##.. .
#. #. #.##... .#
.#.##. ...... .#
......3(####...vv
# ###
#..#........ .
#.=.#.#.....v..#
#..####v.....#
#...§§3.##..###
#..##@v.##..+≈ ..
#.#.## .# ..#
....# ...## #
.....#... #
....##.. ..
..#.#. .....
###$. . ... #. .
..


You could see a spatial maelstrom, 2 spatial vortices and a sixfirhy (dazed).

Vanquished Creatures
  A large abomination (Abyss:1)
  Jessica (D:2)
  Terence (D:3)
  A white imp (Abyss:1)
  An orc (D:4)
  6 ball pythons
  5 bats
  2 endoplasms
  2 giant cockroaches
  5 goblins
  2 hobgoblins (D:2)
  3 quokkas
  2 frilled lizards (D:1)
  A jackal skeleton (D:2)
  7 kobolds
  3 rats
43 creatures vanquished.

Notes
Turn   | Place    | Note
-------+----------+-------------------------------------------
     0 | D:1      | HungrySpirit the Human Arcane Marksman began the quest for
                  | the Orb.
     0 | D:1      | Reached XP level 1. HP: 15/15 MP: 2/2
   291 | D:1      | Reached XP level 2. HP: 21/21 MP: 3/3
  1233 | D:2      | Noticed Jessica
  1236 | D:2      | Killed Jessica
  1237 | D:2      | Reached skill level 1 in Short Blades
  1237 | D:2      | Reached XP level 3. HP: 27/27 MP: 4/4
  1416 | D:2      | Reached XP level 4. HP: 33/33 MP: 5/5
  2168 | D:3      | Found a runed translucent door.
  2171 | D:3      | Noticed vogonpoet's ghost (amateur TrEE)
  2278 | D:3      | Noticed Terence
  2314 | D:3      | Killed Terence
  2853 | D:3      | Found a faded altar of an unknown god.
  3136 | D:3      | HP: 1/33 [orc (1)]
  3136 | D:3      | Cast into level 1 of the Abyss (orc)
  3136 | Abyss:1  | Found a runed translucent door.
  3294 | Abyss:1  | Noticed a spatial vortex
  3311 | Abyss:1  | Reached XP level 5. HP: 22/38 MP: 6/6
  3314 | Abyss:1  | Noticed a sixfirhy
  3315 | Abyss:1  | Noticed a spatial vortex
  3316 | Abyss:1  | Noticed a spatial maelstrom
  3317 | Abyss:1  | Noticed a spatial vortex
  3317 | Abyss:1  | Noticed a spatial vortex
  3318 | Abyss:1  | Noticed a spatial vortex
  3319 | Abyss:1  | Noticed a large abomination
  3319 | Abyss:1  | Killed a large abomination
  3320 | Abyss:1  | Reached skill level 1 in Armour
  3320 | Abyss:1  | Reached XP level 6. HP: 28/46 MP: 7/7
  3321 | Abyss:1  | Noticed a spatial vortex
  3321 | Abyss:1  | Mangled by a sixfirhy

Illustrated notes

Levels and vault maps discovered:
D:1:      dpeg_arrival_three_bigger_balls, layout_basic, serial_bayou_pond_c
D:2:      layout_basic, uniq_jessica
D:3:      layout_loops_corners, dreamdust_ecumenical_altar_angels_and_demons,
          ebering_ghost_sewer_d, uniq_terence
D:4:      layout_rooms, elyvilon_altar_1, minitemple, roderic_lattice_a,
          minivault_25
Abyss:1:  base:
D:3

Skill      XL: |  1  2  3  4  5 |
---------------+----------------+-----
Fighting       | 2 |  2.6
Short Blades   | 1 2 3 |  3.1
Dodging        | 3 |  3.3
Armour         | 1 |  1.4
Maces & Flails | |  0.5
Throwing       | |  2.0
Spellcasting   | |  1.0
Hexes          | |  3.0

Action                   |  1- 3 |  4- 6 || total
-------------------------+-------+-------++-------
Melee: Whip              |    28 |       ||    28
       Unarmed           |     1 |       ||     1
       Dagger            |    27 |    41 ||    68
       Short sword       |       |    35 ||    35
Throw: Javelin           |     5 |       ||     5
       Throwing net      |       |     5 ||     5
  Use: Scroll            |       |     1 ||     1
 Stab: Sleeping          |     2 |     1 ||     3
       Distracted        |       |     1 ||     1
Armor: Robe              |    12 |     1 ||    13
       Ring mail         |       |    17 ||    17
Dodge: Dodged            |    38 |    56 ||    94
